 Dungeon Crawl Stone Soup version 0.15-a0-674-g7948ca6 (webtiles) character file.

7 4tharraofdagon the Firebug (level 2, -7/15 HPs)
             Began as a Tengu Fire Elementalist on May 9, 2014.
             Killed by divine providence
             ... invoked by an orc priest
              (14 damage)
             ... on Level 3 of the Dungeon.
             The game lasted 00:01:46 (302 turns).

4tharraofdagon the Firebug (Tengu Fire Elementalist) Turns: 302, Time: 00:01:46

HP  -7/15        AC  2     Str 13      XL: 2   Next:  4%
MP   0/5         EV 12     Int 15      God:
Gold 42          SH  0     Dex 14      Spells:  1 memorised,  4 levels left

rFire  . . .     SeeInvis .     g - +0 whip
rCold  . . .     Clarity  .     a - +0 robe
rNeg   . . .     Conserve .     (no shield)
rPois  .         rCorr    .     (helmet restricted)
rElec  .         rRot     .     (no cloak)
SustAb . .       Spirit   .     (no gloves)
rMut   .         Warding  .     (boots unavailable)
Saprov . . .     Stasis   .     (no amulet)
MR     .....                    (no ring)
                                (no ring)

@: mighty, not resistant to hostile enchantments, unstealthy
A: beak, talons 3
a: no special abilities


You were on level 3 of the Dungeon.
You were not hungry.

You visited 1 branch of the dungeon, and saw 4 of its levels.

You collected 42 gold pieces.

Inventory:

Hand weapons
 g - a +0,+0 whip (weapon)
Armour
 a - a +0 robe (worn)
Magical devices
 i - a wand of digging (0)
Comestibles
 c - a bread ration
 k - a meat ration
Scrolls
 d - 2 scrolls of remove curse {unknown}
 f - a scroll of identify {unknown}
 h - a scroll of magic mapping {unknown}
Potions
 e - a potion of curing
Books
 b - a book of Flames

   Spells                             Type                      Level
   *Flame Tongue                      Conjuration/Fire             1
   Throw Flame                        Conjuration/Fire             2
   Conjure Flame                      Conjuration/Fire             3
   Inner Flame                        Hexes/Fire                   3
   Sticky Flame                       Conjuration/Fire             4
   Fireball                           Conjuration/Fire             5


   Skills:
 - Level 2.1 Dodging
 - Level 2.0 Stealth
 + Level 2.1 Spellcasting
 * Level 1.8 Conjurations
 * Level 3.5 Fire Magic


You had 4 spell levels left.
You knew the following spells:

 Your Spells              Type           Power        Failure   Level  Hunger
a - Flame Tongue          Conj/Fire      #....        10%         1    #......


Dungeon Overview and Level Annotations

Branches:
Dungeon (4/15)
 Temple: D:4-7

Altars:
Trog

Annotations:
D:4 Blork the orc


Innate Abilities, Weirdness & Mutations

You have a beak for a mouth.
You have claws for feet.


Message History

Confirm with . or Enter, or press ? or * to list all spells.
Aiming: Flame Tongue
Press: ? - help, Shift-Dir - straight line, f/p - orc
Aim: an orc, wielding a flail and wearing a ring mail (almost dead)
The flame tongue misses the orc.
The orc barely misses you.
You barely miss the orc.
The orc is almost dead.
Unknown command.
You hit the orc.
You kill the orc!
You have reached level 2!
The orc priest glows brightly for a moment.
Unknown command.
Drink which item? (? for menu, Esc to quit)
You feel very mighty all of a sudden.
It was a potion of might.
The orc priest mumbles some strange prayers to Beogh against you.
Something smites you!
Ouch! That really hurt!
You die...

#.... #.... ..o .o.
#.# #o# #.# ###
###.##### #..
#..o)@..# #.#
#.......# #.#####.
#.......# #.#.....
###.#####
#####.#.####
#.#######...........
#...................
#########..........#
#..#........
####.#####.#


You could see an orc priest.

Vanquished Creatures
  An orc (D:3)
  2 giant cockroaches (D:1)
  2 hobgoblins
5 creatures vanquished.

Notes
Turn   | Place    | Note
--------------------------------------------------------------
     0 | D:1      | 4tharraofdagon, the Tengu Fire Elementalist, began the quest for the Orb.
     0 | D:1      | Reached XP level 1. HP: 10/10 MP: 3/3
   197 | D:4      | Noticed Blork the orc
   236 | D:3      | Found a bloodstained altar of Trog.
   294 | D:3      | Noticed an orc priest
   301 | D:3      | Reached XP level 2. HP: 6/15 MP: 0/5
   302 | D:3      | Killed from afar by an orc priest

Action                   || total
-------------------------++-------
Melee: Unarmed           ||    12
       Whip              ||     2
 Cast: Flame Tongue      ||     9
Evoke: Wand              ||     1
  Use: Potion            ||     2

Vault maps used:
D:1:      erik_arrival_triangle_medium, okawaru_ov_weapons_minmay
D:2:      xom_butterflies, elyvilon_altar_4, serial_bayou,
          serial_bayou_lagoon_a, serial_bayou_shore_b, serial_bayou_pond_c,
          serial_bayou_crossing
D:3:      gup_sewer_entry_spiral, trog_three_pillars_becter
D:4:      serial_shops, nicolae_shop_trees, uniq_natasha, uniq_blork_the_orc
